 Dungeon Crawl Stone Soup version 0.25.1-2-g60ff931df9 (webtiles) character file.

Game seed: 2319991637670537017

3750 miket3c the Cleaver (level 9, -5/81 HPs)
             Began as a Deep Dwarf Fighter on Oct 1, 2020.
             Was a Follower of Makhleb.
             Slain by a killer bee (6 damage)
             ... on level 8 of the Dungeon.
             The game lasted 00:20:30 (6831 turns).

miket3c the Cleaver (Deep Dwarf Fighter)            Turns: 6831, Time: 00:20:32

Health: -5/81      AC: 10    Str: 22 (23) XL:     9   Next: 93%
Magic:  2/2        EV: 10    Int:  8 (9)  God:    Makhleb [*.....]
Gold:   404        SH: 11    Dex: 10 (12) Spells: 8/8 levels left

rFire    . . .     SeeInvis .   a - +0 war axe
rCold    . . .     Gourm    .   c - +0 kite shield
rNeg     . . .     Faith    .   b - +0 scale mail
rPois    .         Spirit   .   (no helmet)
rElec    .         Reflect  .   C - +0 cloak
rCorr    .         Harm     .   j - +0 pair of gloves
MR       +....                  (no boots)
Stlth    ..........             (no amulet)
HPRegen  0.00/turn              (no ring)
MPRegen  0.08/turn              (no ring)

@: mighty, lethally poisoned (-5 -> -18), non-regenerating
A: damage resistance, heal wounds, sense surroundings 2, no regeneration
a: Heal Wounds, Renounce Religion


You were on level 8 of the Dungeon.
You worshipped Makhleb.
Makhleb was aware of your devotion.
You were hungry.

You visited 1 branch of the dungeon, and saw 8 of its levels.

You collected 404 gold pieces.

Inventory:

Hand Weapons
 a - a +0 war axe (weapon)
Missiles
 e - 275 stones
 i - 4 datura-tipped darts
 p - 25 poisoned darts (quivered)
Armour
 b - a +0 scale mail (worn)
 c - a +0 kite shield (worn)
 j - a +0 pair of gloves (worn)
 y - a +0 pair of boots
 C - a +0 cloak (worn)
Jewellery
 o - an uncursed ring of fire {unknown}
 q - an uncursed ring of ice {unknown}
Wands
 f - a wand of random effects (25)
 D - a wand of iceblast (9)
Scrolls
 g - 3 scrolls of remove curse
 k - 2 scrolls of immolation {unknown}
 r - 2 scrolls of blinking {unknown}
 s - 2 scrolls of teleportation {unknown}
 u - 2 scrolls of enchant weapon {unknown}
 x - 9 scrolls of identify {unknown}
 A - 2 scrolls of enchant armour {unknown}
Potions
 h - a potion of magic {unknown}
 l - a potion of degeneration
 m - a potion of mutation {unknown}
 n - a potion of stabbing {unknown}
 t - a potion of lignification {unknown}
 z - a potion of invisibility {unknown}
Comestibles
 w - 4 rations


   Skills:
 + Level 5.2 Fighting
 + Level 10.0 Axes
 + Level 1.6 Throwing
 + Level 7.3 Armour
 + Level 4.4 Dodging
 + Level 1.1 Stealth
 + Level 7.5 Shields


You had 8 spell levels left.
You didn't know any spells.
Your spell library was empty.

Dungeon Overview and Level Annotations

Branches:
Dungeon (8/15)             Temple (0/1) D:6            Lair (0/6) D:8

Altars:
Cheibriados
Gozag
Makhleb
Okawaru
Ru
Sif Muna
Uskayaw
Wu Jian
Yredelemnul
Zin
The Shining One

Annotations:
D:5 1 runed translucent door


Innate Abilities, Weirdness & Mutations

You are resistant to damage.
You can heal yourself by infusing magical energy.
You passively map the area around you.
You do not regenerate.


Message History

The killer bee stings you.
* * * LOW HITPOINT WARNING * * *
You hear an angry buzzing noise.
The killer bee stings you.
* * * LOW HITPOINT WARNING * * *
You miss the killer bee.
The killer bee is moderately wounded.
You feel sick.
The killer bee stings you but does no damage.
You hear an angry buzzing noise.
You block the killer bee's attack.
The killer bee rages.
The killer bee closely misses you.
You slash the killer bee!
The killer bee is severely wounded.
You feel sick. You block the killer bee's attack. The killer bee stings you!
* * * LOW HITPOINT WARNING * * *
You are more poisoned.
The killer bee poisons you! The killer bee stings you!
You die...

.##.........####..#
.##.....#.....##.##
.##........##.##.#
.##.#......##....#
....#......###..##
.##........###.##
.##.#......##...##
....#......##.#..##
..###, ,, #.##@†#
...# , #. ##y#*
.#.# *****.. #yy#
##..#* *.# .y...,,
###..#* ..*
?....... ...#... ,
.........# ##..###
#.........# ..***
,, ..........# .,
,, ##.........#


You could see 4 killer bees.

Vanquished Creatures
  A queen bee (D:8)
  Grinder (D:5)
  A hornet (D:7)
  A wyvern (D:5)
  Eustachio (D:5)
  An orc warrior (D:7)
  2 sky beasts
  An ice beast (D:8)
  A necrophage (D:7)
  2 phantoms
  4 ogres
  A centaur (D:7)
  Blork the orc (D:4)
  3 bullfrogs
  3 wights (D:7)
  12 killer bees (D:8)
  2 crimson imps
  2 bullfrog zombies (D:6)
  A centaur zombie (D:6)
  2 orc priests (D:5)
  2 bullfrog skeletons
  A hound (D:4)
  A centaur skeleton (D:6)
  A jelly (D:8)
  5 orc wizards
  A gnoll shaman (D:7)
  Natasha (thrice) (D:4)
  2 worker ants
  2 hound skeletons
  A howler monkey zombie (D:6)
  2 worker ant zombies (D:5)
  8 gnolls
  4 adders
  An ooze (D:3)
  An adder skeleton (D:6)
  3 worms
  A dart slug (D:5)
  2 leopard geckos
  14 orcs
  4 giant cockroaches
  9 goblins
  8 hobgoblins
  5 jackals
  2 quokkas
  2 ball pythons
  13 bats
  7 frilled lizards
  A jackal skeleton (D:5)
  5 kobolds
  2 leopard gecko skeletons
  A quokka zombie (D:6)
  14 rats
171 creatures vanquished.

Vanquished Creatures (collateral kills)
  An orc priest (D:5)
  An orc wizard (D:5)
  An adder (D:5)
  3 orcs (D:5)
6 creatures vanquished.

Grand Total: 177 creatures vanquished

Notes
Turn   | Place    | Note
-------+----------+-------------------------------------------
     0 | D:1      | miket3c the Deep Dwarf Fighter began the quest for the Orb.
     0 | D:1      | Reached XP level 1. HP: 20/20 MP: 1/1
    85 | D:1      | Reached XP level 2. HP: 22/27 MP: 2/2
   601 | D:2      | Reached XP level 3. HP: 33/33 MP: 3/3
   621 | D:2      | Reached skill level 3 in Axes
   622 | D:2      | Reached XP level 4. HP: 26/42 MP: 4/4
   748 | D:2      | Reached skill level 1 in Dodging
   837 | D:2      | Found a snail-covered altar of Cheibriados.
   915 | D:2      | Found an opulent altar of Gozag.
   917 | D:2      | Found a glowing silver altar of Zin.
  1328 | D:3      | Noticed a bullfrog
  1342 | D:3      | Killed a bullfrog
  1342 | D:3      | Reached skill level 4 in Axes
  1342 | D:3      | Reached XP level 5. HP: 26/49 MP: 4/4
  1880 | D:4      | Found an iron altar of Okawaru.
  1974 | D:4      | Noticed a phantom
  2025 | D:4      | Killed a phantom
  2025 | D:4      | Reached skill level 5 in Axes
  2025 | D:4      | Reached XP level 6. HP: 26/56 MP: 5/5
  2542 | D:4      | Noticed Natasha
  2553 | D:4      | Killed Natasha
  2938 | D:4      | Noticed Blork the orc
  2950 | D:4      | Killed Blork the orc
  2950 | D:4      | Reached skill level 5 in Shields
  2950 | D:4      | Reached XP level 7. HP: 43/62 MP: 5/5
  3085 | D:4      | Noticed Natasha
  3092 | D:4      | Killed Natasha
  3098 | D:4      | Noticed Natasha
  3104 | D:4      | Killed Natasha
  3104 | D:4      | Reached skill level 6 in Axes
  3378 | D:5      | Entered Level 5 of the Dungeon
  3404 | D:5      | Noticed a wyvern
  3407 | D:5      | Reached skill level 5 in Armour
  3414 | D:5      | HP: 1/63 [wyvern (13)]
  3416 | D:5      | Killed a wyvern
  3484 | D:5      | Reached skill level 7 in Axes
  3555 | D:5      | Reached XP level 8. HP: 51/72 MP: 5/5
  3781 | D:5      | Found an ornate altar of the Wu Jian Council.
  4070 | D:5      | Found a runed translucent door.
  4082 | D:5      | Found a basalt altar of Yredelemnul.
  4114 | D:5      | Noticed Grinder
  4139 | D:5      | Killed Grinder
  4139 | D:5      | Reached skill level 8 in Axes
  4139 | D:5      | Reached skill level 1 in Stealth
  4193 | D:5      | Noticed Eustachio
  4232 | D:5      | Killed Eustachio
  4687 | D:6      | Found a burning altar of Makhleb.
  4705 | D:6      | Became a worshipper of Makhleb the Destroyer
  5040 | D:6      | Found a staircase to the Ecumenical Temple.
  5097 | D:6      | Gained mutation: You passively map the area around you.
                  | [Deep Dwarf growth]
  5097 | D:6      | Reached XP level 9. HP: 78/79 MP: 2/2
  5414 | D:7      | Reached skill level 9 in Axes
  5727 | D:7      | Paralysed by a hornet for 2 turns
  5739 | D:7      | Paralysed by a hornet for 2 turns
  6111 | D:7      | Found a shimmering blue altar of Sif Muna.
  6259 | D:7      | Reached skill level 1 in Throwing
  6362 | D:7      | Found a glowing golden altar of the Shining One.
  6374 | D:7      | Found a hide-covered altar of Uskayaw.
  6386 | D:7      | Found a basalt altar of Yredelemnul.
  6388 | D:7      | Noticed a profane servitor
  6540 | D:7      | Found a sacrificial altar of Ru.
  6611 | D:7      | Noticed an angel
  6656 | D:8      | Found an opulent altar of Gozag.
  6748 | D:8      | Found a staircase to the Lair.
  6797 | D:8      | Reached * piety under Makhleb
  6803 | D:8      | Reached skill level 5 in Fighting
  6813 | D:8      | Noticed a queen bee
  6822 | D:8      | Reached skill level 10 in Axes
  6827 | D:8      | Killed a queen bee
  6831 | D:8      | HP: 1/81 [killer bee (6)]
  6831 | D:8      | Slain by a killer bee

Illustrated notes

Levels and vault maps discovered:
D:1:      lightli_arrival_chessboard, layout_basic, minmay_indecisive_spiral
D:2:      layout_loops_ring, gammafunk_temple_overflow_forgotten
D:3:      layout_loops_ring, minmay_circle_x
D:4:      layout_loops_corners, old_standard_altar, uniq_natasha,
          uniq_blork_the_orc
D:5:      layout_rooms, marbit_many_paths, first_ration, dk_yredelemnul_ordeal,
          uniq_eustachio, uniq_grinder
D:6:      layout_cave_pools, makhleb_grotto_becter, minmay_temple_entry_trees,
          chequers_serial_rivers_marsh
D:7:      layout_basic, grunt_temple_overflow_holy_war, kennysheep_mini,
          lemuel_blue_sif_altar, basic_altar
D:8:      layout_rooms, lemuel_round_altar, lair_entry_dummy, david_nohive_1,
          grunt_gozag_statues

Skill      XL: |  1  2  3  4  5  6  7  8  9 |
---------------+----------------------------+-----
Fighting       | 3 4 5 |  5.2
Axes           | 3 4 5 7 8 10 | 10.0
Dodging        | 1 2 4 |  4.4
Shields        | 4 5 6 7 |  7.5
Armour         | 4 5 6 7 |  7.3
Stealth        | 1 |  1.1
Throwing       | 1 |  1.6

Action                   |  1- 3 |  4- 6 |  7- 9 || total
-------------------------+-------+-------+-------++-------
Melee: War axe           |    76 |   208 |   467 ||   751
Throw: Stone             |       |    12 |    19 ||    31
       Dart              |       |       |    15 ||    15
 Abil: Heal Wounds       |     1 |     5 |    20 ||    26
  Use: Potion            |       |       |     5 ||     5
       Scroll            |       |       |     1 ||     1
  Eat: Chunk             |       |     4 |     9 ||    13
       Ration            |       |     1 |     1 ||     2
Armor: Scale mail        |    29 |    70 |   168 ||   267
Dodge: Dodged            |    37 |    52 |   175 ||   264
Block: Kite shield       |    48 |   118 |   294 ||   460
